 Dungeon Crawl Stone Soup version 0.21.1-1-g345015f (webtiles) character file.

135 Hasart the Magician (level 5, 0/31 HPs)
             Began as an Octopode Wizard on Apr 1, 2018.
             Was an Initiate of Gozag.
             Slain by an orc
             ... wielding a +0 morningstar
              (7 damage)
             ... on level 3 of the Dungeon.
             The game lasted 00:06:02 (3230 turns).

Hasart the Magician (Octopode Wizard)               Turns: 3230, Time: 00:06:02

Health: 0/31       AC:  1    Str:  6    XL:     5   Next: 18%
Magic:  10/10      EV: 13    Int: 22    God:    Gozag
Gold:   278        SH:  0    Dex: 10    Spells: 3/11 levels left

rFire    . . .     SeeInvis .   h - +0 short sword
rCold    . . .     Gourm    +   (no shield)
rNeg     . . .     Faith    .   a - +0 hat
rPois    .         Spirit   .   d - amulet of the gourmand
rElec    .         Reflect  .   q - ring of teleportation (curse)
rCorr    .         Harm     .   (no ring)
MR       .....     Rnd*Tele +   (no ring)
Stlth    +++.......             (no ring)
HPRegen  0.10/turn              (no ring)
MPRegen  0.12/turn              (no ring)
                                (no ring)
                                (no ring)

@: lethally poisoned (0 -> -2), gold aura
A: almost no armour, stealthy swim, amphibious, 8 rings, constrict 8, camouflage
1, gelatinous body 1
a: Potion Petition, Call Merchant, Bribe Branch, Renounce Religion


You were on level 3 of the Dungeon.
You worshipped Gozag.
Gozag was aware of your devotion.
You were not hungry.

You visited 1 branch of the dungeon, and saw 3 of its levels.

You collected 309 gold pieces.
You paid 31 gold pieces to Gozag.

Inventory:

Hand Weapons
 h - a +0 short sword (weapon)
Armour
 a - a +0 hat (worn)
Jewellery
 d - an amulet of the gourmand (around mantle)
 q - a cursed ring of teleportation (left tentacle)
Scrolls
 g - 4 scrolls of remove curse {unknown}
 j - a scroll of enchant weapon {unknown}
 k - a scroll of blinking {unknown}
 m - a scroll of teleportation {unknown}
 n - 4 scrolls of identify {unknown}
 p - a scroll of amnesia {unknown}
Potions
 e - a potion of might {unknown}
 f - 2 potions of curing {unknown}
 i - a potion of degeneration {unknown}
 l - a potion of lignification {unknown}
 o - a potion of agility {unknown}
Books
 b - a book of Minor Magic

   Spells                             Type                      Level
   a - Magic Dart                     Conjuration                  1
   b - Blink                          Translocation                2
   c - Call Imp                       Summoning                    2
   d - Slow                           Hexes                        2
   e - Conjure Flame                  Conjuration/Fire             3
   f - Mephitic Cloud                 Conjuration/Poison/Air       3
Comestibles
 c - 2 rations


   Skills:
 + Level 3.0 Dodging
 - Level 2.6 Stealth
 + Level 3.7 Spellcasting
 * Level 3.5 Conjurations
 - Level 1.0 Summonings
 - Level 1.0 Translocations


You had 3 spell levels left.
You knew the following spells:

 Your Spells              Type           Power        Failure   Level  Hunger
a - Magic Dart            Conj           ###.         2%          1    None
b - Blink                 Tloc           N/A          12%         2    #......
c - Call Imp              Summ           #.......     12%         2    #......
d - Mephitic Cloud        Conj/Pois/Air  #.......     22%         3    ###....


Dungeon Overview and Level Annotations

Branches:
Dungeon (3/15)

Altars:
Cheibriados
Gozag
Ru


Innate Abilities, Weirdness & Mutations

You cannot wear most types of armour.
You are very stealthy in the water. (Stealth+)
You are amphibious.
You can wear up to eight rings at the same time.
You can use your tentacles to constrict eight enemies at once.
Your skin changes colour to match your surroundings (Stealth+).
Your rubbery body absorbs attacks. (AC +1, EV +1)


Message History

You closely miss the orc. You grab the orc.
The orc is heavily wounded.
You constrict the orc, but do no damage.
The orc misses you.
You hit the orc.
You kill the orc!
Your Dodging skill increases to level 3!
The adder bites you.
* * * LOW HITPOINT WARNING * * *
You are poisoned.
The adder poisons you!
You closely miss the adder. Your grab misses the adder.
You feel sick. The adder closely misses you.
Unknown command.
You barely miss the adder. Your grab misses the adder.
You kill the adder!
Unknown command.
The orc hits you with a morningstar!
You die...
Your body crumbles into a pile of gold.

####### #.....#
..####### #.#.#.#
...5...[#######.._..#
#.........#.###
####.@########.#
#.).5o# #.# #.##$##
#.# # #.# #.# #.# #.#
#.# #.# #.# #.# #.###
#.# #.$.# ##.#


You could see an orc and a friendly crimson imp.

Vanquished Creatures
  7 adders
  An ooze (D:2)
  A worm (D:2)
  A dart slug (D:2)
  A leopard gecko (D:1)
  3 orcs (D:3)
  5 bats
  A giant cockroach (D:2)
  11 hobgoblins
  3 jackals (D:1)
  10 kobolds
  6 frilled lizards
  3 goblins
  9 rats
62 creatures vanquished.

Notes
Turn   | Place    | Note
-------+----------+-------------------------------------------
     0 | D:1      | Hasart the Octopode Wizard began the quest for the Orb.
     0 | D:1      | Reached XP level 1. HP: 11/11 MP: 4/4
   145 | D:1      | Reached XP level 2. HP: 5/17 MP: 0/6
   828 | D:1      | Reached XP level 3. HP: 20/21 MP: 7/7
  1330 | D:2      | Found an opulent altar of Gozag.
  1337 | D:2      | Became a worshipper of Gozag Ym Sagoz the Greedy
  1560 | D:2      | Found a snail-covered altar of Cheibriados.
  1603 | D:2      | Reached XP level 4. HP: 15/27 MP: 1/9
  2487 | D:1      | Learned a level 2 spell: Blink
  2490 | D:1      | Learned a level 2 spell: Call Imp
  2494 | D:1      | Learned a level 3 spell: Mephitic Cloud
  2834 | D:2      | Reached XP level 5. HP: 17/31 MP: 10/10
  3157 | D:3      | Found a sacrificial altar of Ru.
  3230 | D:3      | Slain by an orc

Skill      XL: |  1  2  3  4  5 |
---------------+----------------+-----
Conjurations   | 2 3 |  3.5
Dodging        | 3 |  3.0
Stealth        | |  2.6
Spellcasting   | |  3.7
Summonings     | |  1.0
Translocations | |  1.0

Action                   |  1- 3 |  4- 6 || total
-------------------------+-------+-------++-------
Melee: Unarmed           |    43 |       ||    43
       Constrict         |    29 |    16 ||    45
       Tentacles         |     8 |     4 ||    12
       Short sword       |    61 |    63 ||   124
 Cast: Magic Dart        |    19 |    12 ||    31
       Call Imp          |       |     3 ||     3
Invok: Potion Petition   |     1 |       ||     1
 Stab: Sleeping          |     7 |     3 ||    10
       Distracted        |     1 |       ||     1
  Eat: Chunk             |     1 |       ||     1
       Ration            |       |     2 ||     2
Armor: Skin              |    14 |     8 ||    22
Dodge: Dodged            |    85 |    42 ||   127
